 Dungeon Crawl Stone Soup version 0.13.0-25-g43d4df3 (webtiles) character file.

179 Malachi the Digger (level 4, 36/39 HPs)
             Began as a Troll Earth Elementalist on Oct 27, 2013.
             Quit the game on Level 2 of the Dungeon.
             The game lasted 00:02:03 (1036 turns).

Malachi the Digger (Troll Earth Elementalist)       Turns: 1036, Time: 00:02:03

HP  36/39        AC  5     Str 16      XL: 4   Next: 32%
MP   5/5         EV 10     Int 12      God:
Gold 89          SH  0     Dex 10      Spells:  1 memorised,  4 levels left

Res.Fire  : . . .   See Invis. : .     - Unarmed
Res.Cold  : . . .   Warding    : .   c - +0 robe
Life Prot.: . . .   Conserve   : .   (shield restricted)
Res.Poison: .       Res.Corr.  : .   (helmet restricted)
Res.Elec. : .       Clarity    : .   (no cloak)
Sust.Abil.: . .     Spirit.Shd : .   (gloves unavailable)
Res.Mut.  : .       Stasis     : .   (boots unavailable)
Res.Rott. : .       Flight     : .   (no amulet)
Gourmand  : +                        (no ring)
                                     (no ring)

@: mildly poisoned, slightly resistant to hostile enchantments, unstealthy
A: unfitting armour, claws 3, fast metabolism 3, gourmand, regeneration 2,
saprovore 2, tough skin 2, AC +1
a: no special abilities


You were on level 2 of the Dungeon.
You were hungry.

You visited 1 branch of the dungeon, and saw 2 of its levels.

You collected 69 gold pieces.

Inventory:

Missiles
 b - 71 stones (quivered)
Armour
 c - a +0 robe (worn)
Comestibles
 a - 3 meat rations
 j - a bread ration
Scrolls
 f - 3 scrolls of identify {unknown}
 h - a scroll of curse weapon {unknown}
 i - a scroll of magic mapping {unknown}
 k - a scroll of remove curse {unknown}
Potions
 e - a potion of confusion {unknown}
 g - 3 potions of curing {unknown}
Books
 d - a book of Geomancy

   Spells                             Type                      Level
   *Sandblast                         Earth                        1
   Stoneskin                          Transmutation/Earth          2
   Passwall                           Transmutation/Earth          3
   Stone Arrow                        Conjuration/Earth            3
   Petrify                            Transmutation/Earth          4
   Lee's Rapid Deconstruction         Earth                        5


   Skills:
 * Level 1.7 Fighting
 + Level 2.4 Dodging
 - Level 1.1 Stealth
 * Level 2.2 Unarmed Combat
 - Level 1.0 Spellcasting
   Level 0.6 Transmutations
 - Level 2.6 Earth Magic


You had 4 spell levels left.
You knew the following spells:

 Your Spells              Type           Power        Failure   Level  Hunger
a - Sandblast             Erth           #.....       12%         1    ##.....


Dungeon Overview and Level Annotations

Branches:
Dungeon (2/27)

Altars:


Innate Abilities, Weirdness & Mutations

You are too large for most types of armour.
You have claws for hands.
Your metabolism is lightning-fast.
You like to eat raw meat.
You heal very quickly.
You can eat rotten meat.
You are covered in fur (AC +1).
You have very tough skin (AC +2).


Message History

The adder is severely wounded.
The adder closely misses you.
You miss the adder.
The adder is severely wounded.
The adder is no longer bleeding.
The adder bites you. The adder bites you.
You are poisoned.
The adder poisons you!
You barely miss the adder.
The adder is severely wounded.
The adder closely misses you.
You hit the adder.
You kill the adder!
No target in view!
No target in view!
No target in view!
No target in view!
No target in view!
Are you sure you want to abandon this character and quit the game? (Confirm with "yes".)
Okay, then.
Are you sure you want to abandon this character and quit the game? (Confirm with "yes".)

.......^.................# #.###
.......########.######...# #.#
....... #.....##...# #.# .......
#.....##...# #.# .......
#.....###.#####.### ......
#..................
#############.....###.#####.###
#.......#.%...###.#####.###
#.........@................
#.......#..................
#.......#...........)##.##.
#.......#.#)#........##.##.
######.###.#.#........##.##.
#...........................
######.####................##.##.
..........#.....#.#........##(##.
..........#.(..)#.#.#.#.#####.##.


There were no monsters in sight!

Vanquished Creatures
  Terence (D:2)
  4 adders (D:2)
  2 giant geckos
  4 ball pythons
  6 bats
  3 giant cockroaches
  3 goblins
  A hobgoblin (D:1)
  4 jackals (D:2)
  6 kobolds
  3 giant newts
  3 rats
40 creatures vanquished.

Notes
Turn   | Place    | Note
--------------------------------------------------------------
     0 | D:1      | Malachi, the Troll Earth Elementalist, began the quest for the Orb.
     0 | D:1      | Reached XP level 1. HP: 16/16 MP: 3/3
   172 | D:1      | Reached XP level 2. HP: 9/24 MP: 3/3
   299 | D:1      | Reached skill level 1 in Unarmed Combat
   470 | D:1      | Reached skill level 1 in Fighting
   616 | D:2      | Reached XP level 3. HP: 25/31 MP: 4/4
   835 | D:2      | Noticed Terence
   845 | D:2      | Killed Terence
   845 | D:2      | Reached XP level 4. HP: 27/39 MP: 5/5
  1036 | D:2      | Quit the game

Action                   |  1- 3 |  4- 6 || total
-------------------------+-------+-------++-------
Melee: Unarmed           |   105 |    22 ||   127
